 Dungeon Crawl Stone Soup version 0.26.1-11-gd32895ea62 (webtiles) character file.

Game seed: 7501402614386426379

18304 Gwenloh the Whirler (level 12, -3/75 HPs)
             Began as a Halfling Warper on May 14, 2021.
             Was a High Priest of Okawaru.
             Slain by a komodo dragon (10 damage)
             ... while paralysed by Rupert
             ... on level 4 of the Lair of Beasts on May 15, 2021.
             The game lasted 01:25:59 (21581 turns).

Gwenloh the Whirler (Halfling Warper)              Turns: 21581, Time: 01:26:00

Health: -3/75      AC:  7    Str: 12    XL:     12   Next: 93%
Magic:  1/18       EV:  3    Int: 13    God:    Okawaru [*****.]
Gold:   715        SH:  0    Dex: 17    Spells: 5/14 levels left

rFire    . . .     SeeInvis .   a - +2 dagger (venom)
rCold    . . .     Faith    .   W - +0 buckler
rNeg     . . .     Spirit   .   g - +3 leather armour
rPois    +         Reflect  +   (no helmet)
rElec    .         Harm     .   u - scarf {+Inv}
rCorr    .         Rampage  .   (no gloves)
Will     .....                  n - +0 pair of boots
Stlth    +.........             i - amulet of reflection
HPRegen  0.22/turn              P - +4 ring of evasion
MPRegen  0.16/turn              x - ring of poison resistance

@: paralysed, very slightly contaminated
A: small, mutation resistance 1
a: Renounce Religion, Evoke Invisibility, Heroism, Finesse


You were on level 4 of the Lair of Beasts.
You worshipped Okawaru.
Okawaru was extremely pleased with you.
You visited 2 branches of the dungeon, and saw 13 of its levels.

You collected 739 gold pieces.
You spent 24 gold pieces at shops.

Inventory:

Hand Weapons
 a - a +2 dagger of venom (weapon)
 l - a +2 dagger of draining
 w - a +3 hunting sling
Missiles
 e - 5 boomerangs of dispersal
 k - 114 stones
 o - 2 atropa-tipped darts
 r - 12 boomerangs
 s - 13 poisoned darts
 E - 76 sling bullets
Armour
 g - a +3 leather armour (worn)
 n - a +0 pair of boots (worn)
 u - a scarf of invisibility (worn)
 I - a +2 cloak of preservation
 W - a +0 buckler (worn)
Jewellery
 b - an uncursed ring of stealth
 i - an amulet of reflection (around neck)
 x - a ring of poison resistance (right hand)
 y - an uncursed ring of resist corrosion
 P - a +4 ring of evasion (left hand)
 R - an uncursed ring of positive energy
 U - an uncursed ring of magical power
Wands
 C - a wand of polymorph (4)
 K - a wand of flame (31)
 M - a wand of random effects (6)
 N - a wand of disintegration (21)
 O - a wand of paralysis (6)
 Q - a wand of enslavement (7)
Scrolls
 c - 4 scrolls of remove curse
 d - 6 scrolls of blinking
 j - 7 scrolls of magic mapping
 z - 2 scrolls of fear
 D - 2 scrolls of fog
 F - 2 scrolls of enchant armour
 G - 4 scrolls of teleportation
 H - 2 scrolls of amnesia
 S - a scroll of noise {unknown}
Potions
 f - 2 potions of flight {unknown}
 h - a potion of magic {unknown}
 m - a potion of degeneration {unknown}
 p - 5 potions of brilliance
 q - a potion of mutation {unknown}
 t - 4 potions of heal wounds
 v - a potion of haste {unknown}
 A - a potion of attraction {unknown}
 B - 2 potions of resistance {unknown}
 J - a potion of might {unknown}
 L - 2 potions of curing {unknown}
 V - a potion of lignification {unknown}
Miscellaneous
 T - a condenser vane


   Skills:
 + Level 4.6 Fighting
 + Level 10.0 Short Blades
 + Level 16.1 Slings
 - Level 1.0(7.8) Throwing
 - Level 1.1 Armour
 - Level 2.1 Dodging
 - Level 5.6 Shields
 - Level 1.5 Spellcasting
 + Level 10.4 Translocations
 + Level 8.7 Invocations
 - Level 2.7 Evocations


You had 5 spell levels left.
You knew the following spells:

 Your Spells              Type           Power        Failure   Level
a - Blink                 Tloc           N/A          1%          2
b - Passage of Golubria   Tloc           N/A          4%          4
c - Gell's Gravitas       Tloc           14%          1%          3

Your spell library contained the following spells:

 Spells                   Type           Power        Failure   Level
 Apportation              Tloc           56%          1%          1
 Lesser Beckoning         Tloc           14%          1%          3
 Teleport Other           Tloc           28%          1%          3
 Animate Skeleton         Necr           2%           34%         1
 Corona                   Hex            1%           34%         1
 Pain                     Necr           4%           34%         1
 Summon Small Mammal      Summ           4%           34%         1
 Vampiric Draining        Necr           0%           71%         3
 Animate Dead             Necr           0%           98%         4
 Agony                    Necr           1%           100%        5


Dungeon Overview and Level Annotations

Branches:
Dungeon (9/15)             Temple (0/1) D:4            Lair (4/6) D:8
  Snake (0/4) Lair:3
  Swamp: Lair:2-4    Shoals: Lair:2-4       Orc: D:9-12

Altars:
Ashenzari
Cheibriados
Dithmenos
Hepliaklqana
Kikubaaqudgha
Okawaru
Qazlal
Zin

Shops:
D:4 *   D:6 ?   D:9 (

Annotations:
D:4 3 runed translucent doors, Maxtimot's ghost, amateur HOMo
Lair:4 Rupert


Innate Abilities, Weirdness & Mutations

You are small and have problems with some larger weapons.
You are somewhat resistant to further mutation.


Message History

You hit Rupert but do no damage.
Rupert looks as sick as possible!
Rupert is heavily wounded.
You hit Rupert.
Rupert is heavily wounded.
Casting: Blink (safe; 1% risk of failure)
Confirm with . or Enter, or press ? or * to list all spells.
You miscast Blink.
You are very lightly contaminated with residual magic.
Nothing appears to happen.
Rupert roars wildly at you.
You suddenly lose the ability to move!
The komodo dragon bites you.
Rupert looks more energetic.
Rupert hits you with a +1 vorpal battleaxe!
The komodo dragon bites you but does no damage.
The komodo dragon bites you!!
* * * LOW HITPOINT WARNING * * *
Your hands slow down.
Rupert roars madly and goes into a rage!
Rupert goes berserk!
The komodo dragon bites you!
You die...

##.....#..##....## ..
##......###......## ....
#........#P.......#######....
.(..P#..............P#.#.....
....##......................#
#..(#.......#P..........##...
##.(.......##.....#...###
...(((.^##..###.@##P..#
...(....##### #.@.....#
......(.## ##.l....##
#........#####P....#..#
##......(.##.##.....#.#
#...#..(.###......##..#
#..P####....#.....#..#.#
#..## ##[(..##....####. #.##
#P..(.##....# .. ..
#...#..####..#


You could see Rupert (berserk, very poisoned) and a komodo dragon.

Vanquished Creatures
  6 hydras
  4 death yaks
  Sonja (Lair:1)
  8 elephants
  A cane toad (Lair:1)
  2 rime drakes (Lair:3)
  7 komodo dragons
  Prince Ribbit (D:6)
  3 blink frogs
  5 wyverns
  A basilisk (Lair:3)
  2 nagas (Lair:3)
  7 water moccasins
  2 ice beasts (D:9)
  3 sky beasts
  2 orc warriors
  2 black bears
  3 ogres
  A centaur (D:9)
  11 bullfrogs
  A big kobold (D:5)
  A gnoll sergeant (D:7)
  3 scorpions
  A howler monkey (D:5)
  5 wights
  An electric eel (Lair:3)
  A jelly (D:9)
  A hound (D:4)
  3 orc priests
  A centaur skeleton (D:9)
  Crazy Yiuf (D:6)
  A bullfrog skeleton (D:6)
  5 hell rats (Lair:3)
  3 iguanas
  Natasha (thrice) (D:2)
  An orc wizard (D:4)
  5 worker ants
  A killer bee zombie (D:6)
  A hound skeleton (D:9)
  2 worker ant zombies
  9 gnolls
  6 adders
  A shadow imp (D:7)
  3 white imps
  3 ufetubi
  2 oozes
  3 worms
  A dart slug (D:1)
  2 leopard geckos
  23 orcs
  2 ball pythons
  5 giant cockroaches
  7 goblins
  6 hobgoblins
  4 jackals (D:4)
  3 quokkas
  8 bats
  5 frilled lizards
  11 kobolds
  7 rats
224 creatures vanquished.

Vanquished Creatures (others)
  11 fungi
  95 plants
106 creatures vanquished.

Grand Total: 330 creatures vanquished

Notes
Turn   | Place    | Note
-------+----------+-------------------------------------------
     0 | D:1      | Gwenloh the Halfling Warper began the quest for the Orb.
     0 | D:1      | Reached XP level 1. HP: 14/14 MP: 3/3
     3 | D:1      | Noticed an electric eel
     8 | D:1      | Noticed an electric eel
   101 | D:1      | Reached XP level 2. HP: 16/19 MP: 4/4
   111 | D:1      | Learned a level 2 spell: Blink
   891 | D:1      | Reached XP level 3. HP: 18/24 MP: 5/5
  1309 | D:2      | Noticed Natasha
  1511 | D:2      | Killed Natasha
  1512 | D:2      | Reached XP level 4. HP: 29/29 MP: 6/6
  1586 | D:2      | Reached skill level 5 in Short Blades
  1646 | D:2      | Noticed Natasha
  1664 | D:2      | Killed Natasha
  1861 | D:2      | Noticed Natasha
  1878 | D:2      | Killed Natasha
  1879 | D:2      | Reached XP level 5. HP: 25/34 MP: 7/7
  2251 | D:2      | Found an ancient bone altar of Kikubaaqudgha.
  2615 | D:3      | Found a faded altar of an unknown god.
  3008 | D:3      | Found a stormy altar of Qazlal.
  3288 | D:4      | Found an iron altar of Okawaru.
  3308 | D:4      | Became a worshipper of Warmaster Okawaru
  3349 | D:4      | Found Zin's Purification Station.
  3350 | D:4      | Found a glowing silver altar of Zin.
  3365 | D:4      | Reached XP level 6. HP: 35/39 MP: 8/8
  3369 | D:4      | Reached skill level 1 in Evocations
  3560 | D:4      | Found a staircase to the Ecumenical Temple.
  3729 | D:4      | Identified the +4 ring mail of Unreason {Harm rPois Will-
                  | Int+7}
  3866 | D:4      | Noticed an ogre
  3894 | D:4      | Killed an ogre
  3894 | D:4      | Reached * piety under Okawaru
  3895 | D:4      | Reached XP level 7. HP: 44/44 MP: 9/9
  3947 | D:4      | Noticed Maxtimot's ghost (amateur HOMo)
  3952 | D:4      | Found a runed translucent gate.
  3952 | D:4      | Found a runed translucent gate.
  3954 | D:4      | Found a runed translucent gate.
  4244 | D:5      | Entered Level 5 of the Dungeon
  4381 | D:5      | Found a snail-covered altar of Cheibriados.
  5106 | D:6      | Reached skill level 1 in Slings
  5170 | D:6      | Noticed Prince Ribbit
  5209 | D:5      | Reached skill level 3 in Slings
  5292 | D:6      | Found Wosu's Magic Scroll Emporium.
  5309 | D:5      | Reached skill level 4 in Slings
  5374 | D:6      | Bought a scroll of identify for 24 gold pieces
  5478 | D:6      | Killed Prince Ribbit
  5478 | D:6      | Reached ** piety under Okawaru
  5479 | D:6      | Reached skill level 6 in Slings
  5479 | D:6      | Reached XP level 8. HP: 26/49 MP: 3/10
  5733 | D:6      | Reached skill level 7 in Slings
  5933 | D:6      | Reached skill level 8 in Slings
  6130 | D:6      | Reached skill level 9 in Slings
  6297 | D:6      | Found a runed translucent door.
  6298 | D:6      | Noticed Crazy Yiuf
  6365 | D:6      | Found a hazy altar of Hepliaklqana.
  6586 | D:6      | Killed Crazy Yiuf
  6993 | D:6      | Reached XP level 9. HP: 35/54 MP: 5/11
  7477 | D:7      | Reached skill level 10 in Slings
  7735 | D:7      | Reached skill level 5 in Translocations
  8021 | D:8      | Found a staircase to the Lair.
  8235 | D:7      | Reached skill level 11 in Slings
  8817 | D:8      | Found a shadowy altar of Dithmenos.
  9744 | D:8      | Reached skill level 12 in Slings
  9834 | D:9      | Found a glowing silver altar of Zin.
 10058 | D:9      | Found Maonyrch's Weapon Shop.
 10073 | D:9      | Reached *** piety under Okawaru
 10286 | D:9      | Found a broken altar of Ashenzari.
 10288 | D:9      | Noticed a cyan ugly thing
 10816 | D:9      | Reached XP level 10. HP: 59/60 MP: 12/12
 10967 | D:9      | Reached skill level 13 in Slings
 11635 | Lair:1   | Entered Level 1 of the Lair of Beasts
 11816 | Lair:1   | Learned a level 4 spell: Passage of Golubria
 11820 | Lair:1   | Learned a level 3 spell: Gell's Gravitas
 12080 | Lair:1   | Noticed a komodo dragon
 12119 | Lair:1   | Killed a komodo dragon
 12184 | D:8      | Reached skill level 14 in Slings
 12346 | D:8      | Reached skill level 1 in Shields
 12346 | D:8      | Reached skill level 1 in Invocations
 12607 | Lair:1   | Reached **** piety under Okawaru
 13019 | Lair:1   | Received a gift from Okawaru
 13171 | Lair:1   | Noticed Sonja
 13241 | Lair:1   | Killed Sonja
 13241 | Lair:1   | Received a gift from Okawaru
 13616 | Lair:1   | Noticed a seven-headed hydra
 13666 | Lair:1   | Killed a seven-headed hydra
 13667 | Lair:1   | Reached XP level 11. HP: 17/64 MP: 1/14
 14462 | Lair:2   | Noticed a five-headed hydra
 14478 | Lair:2   | Noticed a six-headed hydra
 14773 | Lair:1   | Killed a six-headed hydra
 14774 | Lair:1   | Reached skill level 5 in Shields
 14774 | Lair:1   | Reached skill level 5 in Invocations
 14849 | Lair:2   | Noticed a seven-headed hydra
 15057 | Lair:2   | Killed a five-headed hydra
 15187 | Lair:2   | Killed a seven-headed hydra
 15246 | Lair:2   | Noticed a five-headed hydra
 15259 | Lair:2   | Killed a five-headed hydra
 15259 | Lair:2   | Reached ***** piety under Okawaru
 15260 | Lair:2   | Reached skill level 15 in Slings
 15683 | Lair:2   | Noticed a lindwurm
 15683 | Lair:2   | Noticed a lindwurm
 15971 | Lair:2   | Noticed a lindwurm
 15987 | Lair:2   | Noticed a lindwurm
 16081 | Lair:3   | Noticed an elephant
 16081 | Lair:3   | Noticed an elephant
 16081 | Lair:3   | Noticed an elephant
 16081 | Lair:3   | Noticed an elephant
 16081 | Lair:3   | Noticed an elephant
 16147 | Lair:2   | Killed an elephant
 16147 | Lair:2   | Received a gift from Okawaru
 16159 | Lair:2   | Killed an elephant
 16727 | Lair:1   | Killed an elephant
 16874 | Lair:1   | Killed an elephant
 16907 | Lair:1   | Killed an elephant
 16908 | Lair:1   | Reached XP level 12. HP: 21/72 MP: 1/17
 17671 | Lair:3   | Received a gift from Okawaru
 18110 | Lair:3   | Noticed a death yak
 18110 | Lair:3   | Noticed a death yak
 18115 | Lair:3   | Noticed a death yak
 18122 | Lair:3   | Noticed a death yak
 18131 | Lair:3   | Killed a death yak
 18131 | Lair:3   | Received a gift from Okawaru
 18374 | Lair:2   | Killed a death yak
 18941 | Lair:2   | Killed a death yak
 19176 | Lair:2   | Killed a death yak
 19177 | Lair:2   | Reached skill level 10 in Translocations
 19477 | Lair:3   | Found a staircase to the Snake Pit.
 20216 | Lair:3   | Reached skill level 16 in Slings
 20454 | Lair:3   | Found an iron altar of Okawaru.
 20728 | Lair:3   | Noticed a five-headed hydra
 20744 | Lair:3   | Killed a five-headed hydra
 20745 | Lair:3   | Reached skill level 10 in Short Blades
 21509 | Lair:4   | Noticed Rupert
 21578 | Lair:4   | Paralysed by Rupert for 6 turns
 21581 | Lair:4   | Slain by a komodo dragon

Illustrated notes

Levels and vault maps discovered:
D:1:      arrival_aquarium_b, layout_basic
D:2:      layout_loops_ring, lemuel_coloured_pillars_altar, uniq_natasha
D:3:      layout_loops_cross, nicolae_qazlal_eye_of_the_storm,
          chequers_ecumenical_altar_simple_redux
D:4:      layout_rooms, zin_purify, okawaru_ov_weapons_minmay, temple_fountains,
          gammafunk_ghost_split
D:5:      layout_basic, kennysheep_little_box
D:6:      layout_rooms, general_overflow_altar, serial_shops,
          nicolae_shop_statue_plus, minmay_pentangle, uniq_crazy_yiuf_cottage,
          uniq_prince_ribbit1
D:7:      layout_gridville
D:8:      layout_rooms, dpeg_oklobed_lair, basic_altar
D:9:      layout_basic, lemuel_crystal_altar, serial_shops, shop, basic_altar,
          kennysheep_another_room, chequers_serial_rivers_small_3
Lair:1:   layout_layer_cave, serial_bayou_shore_b, grunt_megastairs_5,
          uniq_sonja
Lair:2:   layout_misc_corridors, minmay_lindwurm_lava,
          infiniplex_staircase_pool_2
Lair:3:   wad_woods_stonehenge, layout_layer_cave, guppyfry_snake_entry_island,
          portal_ice_cave_rime, infiniplex_staircase_pool
Lair:4:   layout_layer_cave, minmay_shoals_entry_beasts, lemuel_centaur_altar,
          uniq_rupert, uniq_kirke

Skill      XL: |  1  2  3  4  5  6  7  8  9 10 11 12 |
---------------+-------------------------------------+-----
Short Blades   | 3 4 6 7 8 10 | 10.0
Evocations     | 2 |  2.7
Slings         | 6 9 12 14 15 16 | 16.1
Translocations | 4 6 8 9 10 | 10.4
Shields        | 4 5 |  5.6
Invocations    | 4 7 8 |  8.7
Fighting       | 2 4 |  4.6
Throwing       | |  1.0
Armour         | |  1.1
Dodging        | |  2.1
Spellcasting   | |  1.5

Action                   |  1- 3 |  4- 6 |  7- 9 | 10-12 || total
-------------------------+-------+-------+-------+-------++-------
Melee: Short sword       |    70 |       |       |       ||    70
       Dagger            |    22 |   138 |   231 |   344 ||   735
 Fire: Hunting sling     |       |       |   449 |   711 ||  1160
Throw: Dart              |       |    45 |    11 |       ||    56
 Cast: Blink             |       |       |    55 |    53 ||   108
       Passage of Golubr |       |       |       |    42 ||    42
       Gell's Gravitas   |       |       |       |     1 ||     1
Invok: Heroism           |       |       |     7 |    12 ||    19
       Finesse           |       |       |       |     2 ||     2
Evoke: Wand              |       |       |     1 |     7 ||     8
  Use: Scroll            |       |       |     6 |    10 ||    16
       Potion            |       |       |       |     1 ||     1
 Stab: Sleeping          |     2 |     6 |     1 |       ||     9
Armor: Leather armour    |    17 |    14 |    40 |    54 ||   125
Dodge: Dodged            |    46 |    42 |   146 |   222 ||   456
Block: Other             |     7 |    12 |    49 |    40 ||   108
       Reflection        |     1 |       |     3 |     3 ||     7
       Buckler           |       |       |       |    98 ||    98
